[Event "Titled Tuesday Blitz July 05 Late 2022"]
[White "Paravyan, David"]
[Black "Tica, Sven"]
[WhiteFideId "4194985"]
[BlackFideId "14526948"]
[WhiteElo "2569"]
[BlackElo "2346"]
[Result "0-1"]
[Round "03"]
[TimeControl "180+1"]
[Date "2022.07.05"]
[WhiteClock "0:00:42"]
[BlackClock "0:00:37"]

1. e4 g6 2. d4 Bg7 3. Nf3 a6 4. Bg5 h6 5. Be3 d6 6. Bd3 Nd7 7. h3 b6 8. O-O Bb7 9. Re1 e6 10. Nbd2 Ne7 11. c3 O-O 12. Nf1 e5 13. dxe5 Nxe5 14. Nxe5 dxe5 15. Bc2 Qxd1 16. Raxd1 Rad8 17. Ng3 Bc6 18. Bd3 a5 19. Bf1 Nc8 20. f3 Nd6 21. Rd2 Kh7 22. Red1 Bf6 23. Bxb6 cxb6 24. Rxd6 Be7 25. Rxd8 Rxd8 26. Rxd8 Bxd8 27. Bc4 Kg7 28. a3 a4 29. Kf2 Bh4 30. Bd3 Kf6 31. Bc4 Be8 32. Bd5 Kg5 33. Bc4 Kf4 34. Bd3 Bxg3+ 35. Ke2 Kg5 36. Bc4 Bf4 37. b3 Bc1 38. bxa4 Bxa4 39. Bxf7 Bxa3 40. Bd5 Kf4 41. Bf7 g5 42. Bc4 Kg3 43. Kf1 Bc5 44. Bd3 Bd7 45. Bc4 h5 46. Bd3 g4 47. hxg4 hxg4 48. fxg4 Bxg4 49. Bc4 Kf4 50. Bd5 Ke3 51. Ke1 Be2 52. Bc6 Ba3 53. Bb5 Bxb5 0-1


[Site "https://www.chess.com"]

[Event "Titled Tuesday Blitz July 05 Late 2022"]
[White "Preotu, Razvan"]
[Black "Fedoseev, Vladimir"]
[WhiteFideId "2613280"]
[BlackFideId "24130737"]
[WhiteElo "2407"]
[BlackElo "2726"]
[Result "0-1"]
[Round "03"]
[TimeControl "180+1"]
[Date "2022.07.05"]
[WhiteClock "0:00:01"]
[BlackClock "0:00:04"]

1. e4 c6 2. Nc3 d5 3. Nf3 Bg4 4. h3 Bxf3 5. Qxf3 Nf6 6. Be2 d4 7. Nb1 e5 8. d3 Nbd7 9. O-O Bd6 10. Qg3 O-O 11. Nd2 b5 12. Nf3 Bc7 13. Nh4 Kh8 14. Nf5 g6 15. Bh6 Rg8 16. Nh4 Nh5 17. Qg5 Nf4 18. Bf3 f6 19. Qg3 Qe7 20. Qg4 Nc5 21. g3 Nfe6 22. Bg2 Qf7 23. Bd2 Raf8 24. Qe2 Bd6 25. c3 Na4 26. Rab1 Qd7 27. Nf3 Bc5 28. Rfc1 Rd8 29. Bf1 Bb6 30. c4 Nac5 31. h4 a5 32. Kh2 Qf7 33. Bh3 b4 34. Ne1 Rde8 35. Ng2 Bc7 36. Kh1 f5 37. f3 f4 38. gxf4 exf4 39. b3 Nf8 40. Rg1 g5 41. Ne1 Qh5 42. Rg4 Ng6 43. Ng2 Ne5 44. Rg1 Ncxd3 45. Qf1 Qh6 46. hxg5 Qxh3# 0-1


[Site "https://www.chess.com"]

[Event "Titled Tuesday Blitz July 05 Late 2022"]
[White "Rama, Tejas"]
[Black "Zlatin, Alexander"]
[WhiteFideId "30907381"]
[BlackFideId "2810549"]
[WhiteElo "1430"]
[BlackElo "2228"]
[Result "0-1"]
[Round "03"]
[TimeControl "180+1"]
[Date "2022.07.06"]
[WhiteClock "0:00:04"]
[BlackClock "0:00:07"]

1. d4 Nf6 2. c4 g6 3. Nc3 d5 4. Bg5 Ne4 5. Nxe4 dxe4 6. e3 c5 7. Ne2 Bg7 8. Qa4+ Qd7 9. Qxd7+ Bxd7 10. O-O-O Nc6 11. d5 Ne5 12. Nc3 f5 13. Be2 Kf7 14. f4 exf3 15. gxf3 h6 16. Bh4 g5 17. Bg3 Ng6 18. f4 g4 19. e4 h5 20. e5 e6 21. h4 a6 22. d6 Bh6 23. Rhf1 Nxe5 24. Kb1 Nc6 25. Bd3 Nb4 26. Be2 b5 27. a3 Nc6 28. cxb5 Nd4 29. bxa6 Nxe2 30. Nxe2 Rxa6 31. Nc1 Rb8 32. Ka2 Bg7 33. Nd3 Ba4 34. Ne5+ Bxe5 35. fxe5 Bxd1 36. Rxd1 Ra4 37. Be1 f4 38. Bd2 Rd4 39. b3 f3 40. Kb2 g3 41. Kc2 g2 42. Be3 Rxd1 43. Kxd1 Rxb3 44. Bxc5 Rd3+ 45. Ke1 Rd5 46. Bg1 Rxe5+ 47. Kf2 Rf5 48. a4 Ke8 49. a5 Rxa5 50. Bh2 Rf5 51. Bg3 Kd7 52. Kg1 e5 53. Kf2 e4 54. Bh2 Rd5 55. Ke3 Rxd6 56. Kxe4 f2 57. Bf4 f1=Q 58. Be3 Re6+ 59. Kd5 Qd3+ 60. Bd4 Rd6+ 61. Kc5 Qxd4+ 62. Kb5 Rb6+ 0-1


[Site "https://www.chess.com"]

[Event "Titled Tuesday Blitz July 05 Late 2022"]
[White "Reprintsev, Alexander"]
[Black "Idani, Pouya"]
[WhiteFideId "14100541"]
[BlackFideId "12510130"]
[WhiteElo "2108"]
[BlackElo "2610"]
[Result "1-0"]
[Round "03"]
[TimeControl "180+1"]
[Date "2022.07.06"]
[WhiteClock "0:01:02"]
[BlackClock "0:00:05"]

1. e4 c5 2. b3 e6 3. Bb2 a6 4. Nf3 Nc6 5. c4 Nf6 6. e5 Ng4 7. h3 Nh6 8. d4 cxd4 9. Bd3 Bc5 10. Nbd2 d5 11. a3 a5 12. Rc1 Ba7 13. c5 O-O 14. O-O f6 15. Re1 fxe5 16. Nxe5 Nxe5 17. Rxe5 Bb8 18. Bxd4 Bxe5 19. Bxe5 Nf7 20. Qh5 h6 21. Bxg7 Qg5 22. Qxg5 hxg5 23. Bxf8 Kxf8 24. Nf3 Ke7 25. Bg6 Nd8 26. Bh5 Nc6 27. Nxg5 e5 28. Rd1 d4 29. Bf3 Bf5 30. Bxc6 bxc6 31. Nf3 Kf6 32. g4 Bc2 33. Re1 Bxb3 34. Rxe5 Rd8 35. Rf5+ Kg6 36. Ne5+ Kh7 37. Nxc6 Rd7 38. Ne5 Rc7 39. c6 Bc2 40. Rf7+ Rxf7 41. Nxf7 d3 42. Ng5+ Kg6 43. Nf3 Ba4 44. Kf1 Kf6 45. c7 Bd7 46. Ke1 Ke7 47. Kd2 Kd6 48. Kxd3 Kxc7 49. Ne5 Be6 50. f4 Bd5 51. h4 Kd6 52. Kd4 1-0


[Site "https://www.chess.com"]

[Event "Titled Tuesday Blitz July 05 Late 2022"]
[White "Rosen, Eric"]
[Black "Voege, Tobias"]
[WhiteFideId "2032562"]
[BlackFideId "1270513"]
[WhiteElo "2362"]
[BlackElo "2379"]
[Result "1-0"]
[Round "03"]
[TimeControl "180+1"]
[Date "2022.07.06"]
[WhiteClock "0:00:10"]
[BlackClock "0:00:13"]

1. d4 Nf6 2. Bf4 g6 3. Nc3 d5 4. e3 Bg7 5. h4 h5 6. Nf3 c5 7. Nb5 Na6 8. a4 O-O 9. c3 Bg4 10. Be2 Ne4 11. O-O c4 12. b3 cxb3 13. Qxb3 Bxf3 14. Bxf3 Nd2 15. Qxd5 Nxf1 16. Rxf1 e5 17. dxe5 Qxd5 18. Bxd5 Nc5 19. Nd6 Rad8 20. c4 b6 21. Bg3 Rd7 22. Ra1 Kh7 23. Ra3 Re7 24. f4 f6 25. exf6 Bxf6 26. e4 Bb2 27. Ra2 Bd4+ 28. Kh2 Be3 29. f5 g5 30. Re2 Bf4 31. hxg5 Bxg5 32. e5 Nd3 33. Be4 Nf4 34. f6+ Kg8 35. fxe7 Bxe7 36. Rf2 Ng6 37. Bxg6 Rxf2 38. Bxf2 h4 39. Nf5 Bb4 40. e6 a5 41. Bd4 b5 42. cxb5 h3 43. Kxh3 Be7 44. Nxe7+ Kf8 45. Nf5 Kg8 46. b6 Kf8 47. b7 Kg8 48. b8=Q# 1-0


[Site "https://www.chess.com"]

[Event "Titled Tuesday Blitz July 05 Late 2022"]
[White "Rustemov, Alexander"]
[Black "Hakobyan, Aram"]
[WhiteFideId "4119002"]
[BlackFideId "13306677"]
[WhiteElo "2732"]
[BlackElo "2557"]
[Result "0-1"]
[Round "03"]
[TimeControl "180+1"]
[Date "2022.07.05"]
[WhiteClock "0:00:02"]
[BlackClock "0:00:10"]

1. d4 Nf6 2. Nf3 e6 3. c4 b6 4. a3 Bb7 5. Nc3 d5 6. Bg5 Be7 7. Bxf6 Bxf6 8. cxd5 exd5 9. Qa4+ c6 10. g3 O-O 11. Rd1 Re8 12. Bg2 Nd7 13. O-O Nf8 14. e3 Ne6 15. Rd2 g6 16. Rfd1 Bg7 17. b4 b5 18. Qb3 a5 19. Ne1 Bc8 20. Nd3 Ng5 21. a4 Bg4 22. Rc1 bxa4 23. Nxa4 Nf3+ 24. Bxf3 Bxf3 25. Ne1 Be4 26. Rxc6 axb4 27. Qxb4 Qd7 28. Qb5 Reb8 29. Nb6 Qe8 30. f3 Bf5 31. Kf2 Bd7 32. Rdc2 Bxc6 33. Qxc6 Qxc6 34. Rxc6 Ra2+ 35. Kf1 Rxh2 36. Rc8+ Rxc8 37. Nxc8 Bf8 38. Nb6 Bb4 39. Ng2 Bd6 40. f4 Rh1+ 41. Kf2 Rb1 42. Nxd5 f5 43. Nf6+ Kh8 44. Ne1 Be7 45. Nd5 Bd8 46. Nd3 Kg7 47. Kf3 Ra1 48. Ne5 h6 49. Nc6 Bf6 50. Ncb4 Rf1+ 51. Kg2 Rb1 52. Nd3 g5 53. fxg5 hxg5 54. Kf3 g4+ 55. Kf2 Bg5 56. Ke2 Ra1 57. Kf2 Ra2+ 58. Kf1 Kg6 59. Ne5+ Kg7 60. Nd3 Ra5 61. N3b4 Rb5 62. Kf2 Kg6 63. Ke2 Kf7 64. Kf2 Ra5 65. Ke2 Ra4 66. Nd3 Ra2+ 67. Kf1 Ke6 68. N5b4 Ra1+ 69. Kf2 Kf7 70. Nd5 Kg6 71. N5f4+ Bxf4 72. Nxf4+ Kf6 73. Nd3 Ra2+ 74. Kf1 Ke6 75. Nf4+ Kd6 76. Ke1 Rh2 77. Kf1 Kc6 78. Ke1 Ra2 79. Kf1 Kb5 80. Ng6 Kc4 81. Nh4 Kd3 82. Nxf5 Ke4 83. Nh6 Kf3 84. Ke1 Kxg3 85. d5 Kf3 86. d6 Ra7 87. Nf5 g3 0-1


[Site "https://www.chess.com"]

[Event "Titled Tuesday Blitz July 05 Late 2022"]
[White "Samsonkin, Artiom"]
[Black "Shuvalova, Polina"]
[WhiteFideId "13503111"]
[BlackFideId "24171760"]
[WhiteElo "2513"]
[BlackElo "2330"]
[Result "1/2-1/2"]
[Round "03"]
[TimeControl "180+1"]
[Date "2022.07.05"]
[WhiteClock "0:00:08"]
[BlackClock "0:00:10"]

1. d4 Nf6 2. Bf4 c5 3. e3 cxd4 4. exd4 d5 5. Nc3 Nc6 6. Nb5 Kd7 7. Bc7 Qe8 8. Bg3 Qd8 9. Nf3 e6 10. Ne5+ Nxe5 11. Bxe5 a6 12. Nc3 Bb4 13. a3 Bxc3+ 14. bxc3 Ke7 15. Bd3 b6 16. O-O a5 17. f4 Ba6 18. Bxa6 Rxa6 19. f5 Ra8 20. Rb1 Rg8 21. Qf3 Rf8 22. Qg3 Rg8 23. Bc7 Qd7 24. Rxb6 Rac8 25. Be5 Ne4 26. Qh4+ f6 27. Rxe6+ Kf8 28. Bf4 Rxc3 29. Rb1 Rc8 30. Qxh7 Rxc2 31. h3 Rc8 32. Qg6 a4 33. Kh2 Rh8 34. Rbb6 Qa7 35. Rxe4 dxe4 36. Bd6+ Kg8 37. Rb5 Qf7 38. Qg4 Re8 39. Bf4 e3 40. Rb1 e2 41. Re1 Qe7 42. d5 Qxa3 43. d6 Qb4 44. d7 Rd8 45. Rxe2 Qb5 46. Re7 Rh7 47. Qg6 Rf8 48. Qe8 Qb6 49. Qxf8+ Kxf8 50. Re8+ Kf7 51. d8=Q Qxd8 52. Rxd8 Rh4 53. Re8 Rxf4 54. Ra8 Rb4 55. Ra7+ Kg8 56. h4 Rxh4+ 57. Kg3 Rb4 58. Kh3 Rb3+ 59. Kh4 a3 60. g4 Kh7 61. Ra6 Rb4 62. Rxa3 Rd4 63. Ra7 Re4 64. Rb7 Rc4 65. Rd7 Rb4 66. Rd1 Kh6 67. Rd8 Kh7 68. Rd3 Rb1 69. Kg3 Rg1+ 70. Kf4 Re1 71. Rh3+ Kg8 72. Rd3 Rf1+ 73. Ke4 Kh7 74. Rh3+ Kg8 75. Kd5 Rg1 76. Rh4 Re1 77. Kd4 Kf7 78. Kd3 Re5 79. Kd4 Re1 80. Kd3 Ke7 81. Rh7 Kf8 82. Rh8+ Kf7 83. Rh4 1/2-1/2


[Site "https://www.chess.com"]

[Event "Titled Tuesday Blitz July 05 Late 2022"]
[White "Sanal, Vahap"]
[Black "Navarrete Mendez, Gonzalo Alberto"]
[WhiteFideId "6300545"]
[BlackFideId "5106850"]
[WhiteElo "2574"]
[BlackElo "2261"]
[Result "1-0"]
[Round "03"]
[TimeControl "180+1"]
[Date "2022.07.05"]
[WhiteClock "0:01:43"]
[BlackClock "0:00:14"]

1. d4 d5 2. c4 dxc4 3. e3 Nc6 4. Bxc4 e5 5. Nf3 e4 6. Nfd2 Qg5 7. g3 Nf6 8. Nc3 Bf5 9. h4 Qg6 10. Qb3 O-O-O 11. Bxf7 Qh6 12. Be6+ Bxe6 13. Qxe6+ Kb8 14. Ndxe4 Bb4 15. Nxf6 gxf6 16. Qf5 Rhe8 17. Kf1 Ne7 18. Qf3 Ng6 19. Nd5 Bd6 20. h5 Ne7 21. Qxf6 Ng6 22. e4 Bf4 23. Bxf4 Nxf4 24. Qxh6 1-0


[Site "https://www.chess.com"]

[Event "Titled Tuesday Blitz July 05 Late 2022"]
[White "Sankalp Gupta"]
[Black "Chernobay, Artem"]
[WhiteFideId "5097010"]
[BlackFideId "4167406"]
[WhiteElo "2399"]
[BlackElo "2473"]
[Result "1-0"]
[Round "03"]
[TimeControl "180+1"]
[Date "2022.07.05"]
[WhiteClock "0:00:07"]
[BlackClock "0:00:02"]

1. d4 f5 2. g3 Nf6 3. Bg2 g6 4. Nf3 Bg7 5. O-O O-O 6. c4 d6 7. Nc3 Nc6 8. d5 Ne5 9. Nxe5 dxe5 10. Rb1 h6 11. b4 g5 12. c5 Kh8 13. Nb5 a6 14. Nc3 e4 15. Bb2 e6 16. dxe6 Bxe6 17. Qc2 Qe7 18. Rfd1 Rad8 19. a4 Qf7 20. Rxd8 Rxd8 21. Rd1 Re8 22. Qb1 Ng4 23. h3 Ne5 24. Ba1 c6 25. b5 axb5 26. axb5 e3 27. fxe3 Nc4 28. Rd3 Qc7 29. e4 Qe5 30. exf5 Bxf5 31. e4 Be6 32. Kh2 Qxc5 33. Na4 Qxb5 34. Bxg7+ Kxg7 35. Qc2 Qe5 36. Nc3 b5 37. Ne2 c5 38. Nc3 b4 39. Nd5 Bxd5 40. Rxd5 Qc3 41. Qf2 b3 42. Rd7+ Kh8 43. Qf7 1-0


[Site "https://www.chess.com"]

[Event "Titled Tuesday Blitz July 05 Late 2022"]
[White "Saveliev, Alexei"]
[Black "Roman, Rodrigo"]
[WhiteFideId "24128546"]
[BlackFideId "3701220"]
[WhiteElo "2281"]
[BlackElo "2001"]
[Result "0-1"]
[Round "03"]
[TimeControl "180+1"]
[Date "2022.07.06"]
[WhiteClock "0:00:02"]
[BlackClock "0:00:08"]

1. c4 e5 2. Nc3 Nc6 3. Nf3 Nf6 4. e3 Be7 5. d4 exd4 6. exd4 d5 7. cxd5 Nxd5 8. Bc4 Be6 9. Bb3 O-O 10. O-O Bf6 11. Re1 Nxc3 12. bxc3 Bd5 13. Bf4 Na5 14. Bxd5 Qxd5 15. Bxc7 Nc4 16. Bg3 Rac8 17. Qb3 b5 18. a4 a6 19. axb5 axb5 20. Rab1 Qa8 21. h4 Rfd8 22. Re2 h6 23. Ne5 Nxe5 24. Bxe5 Bxh4 25. Re3 Rd5 26. Rbe1 Qc6 27. Qa2 Ra8 28. Qb1 Bg5 29. Rf3 g6 30. Bg3 f5 31. Be5 Be7 32. Rg3 Kh7 33. Qd3 Rc8 34. Rge3 Bg5 35. Rh3 Re8 36. Qb1 Qc4 37. Bf4 Rxe1+ 38. Qxe1 Bxf4 39. Qe7+ Kg8 40. Qe8+ Kg7 41. Qe7+ Kg8 42. Qe6+ Kf8 43. Qxg6 Bg5 44. Rf3 Qe2 45. Qc6 Qe1+ 46. Kh2 Qe4 47. Qc8+ Kf7 48. Qc7+ Kg6 0-1


[Site "https://www.chess.com"]

[Event "Titled Tuesday Blitz July 05 Late 2022"]
[White "Schekachikhin, Maksim"]
[Black "Abdrlauf, Elham"]
[WhiteFideId "24177830"]
[BlackFideId "1533533"]
[WhiteElo "2239"]
[BlackElo "2429"]
[Result "0-1"]
[Round "03"]
[TimeControl "180+1"]
[Date "2022.07.05"]
[WhiteClock "0:00:05"]
[BlackClock "0:00:06"]

1. b3 e5 2. Bb2 Nc6 3. c4 Nf6 4. Nf3 e4 5. Nd4 Bc5 6. Nf5 O-O 7. e3 d5 8. cxd5 Nb4 9. Ng3 Re8 10. a3 Nd3+ 11. Bxd3 exd3 12. b4 Bf8 13. Bxf6 Qxf6 14. Nc3 a5 15. b5 c6 16. dxc6 bxc6 17. bxc6 Qxc6 18. O-O Bb7 19. f3 a4 20. Qb1 Ba6 21. Rc1 Rab8 22. Qa2 Bc4 23. Nxa4 Rec8 24. Rxc4 Qxc4 25. Nc3 Rb3 26. a4 Bb4 27. Nb5 Qc2 28. Nd4 Qxa2 29. Rxa2 Rb1+ 30. Kf2 Rd1 31. Ne4 Rcc1 32. a5 f5 33. a6 fxe4 34. a7 Rc8 35. a8=Q Rxa8 36. Rxa8+ Kf7 37. fxe4 Rxd2+ 38. Kf3 Rd1 39. Nb3 Rb1 40. Rd8 Rxb3 41. e5 d2 42. Ke2 Rb1 0-1


[Site "https://www.chess.com"]

[Event "Titled Tuesday Blitz July 05 Late 2022"]
[White "Sjugirov, Sanan"]
[Black "Araujo Sanchez, Josue"]
[WhiteFideId "4189302"]
[BlackFideId "6416896"]
[WhiteElo "2609"]
[BlackElo "2358"]
[Result "1-0"]
[Round "03"]
[TimeControl "180+1"]
[Date "2022.07.05"]
[WhiteClock "0:00:26"]
[BlackClock "0:00:52"]

1. e4 c5 2. Nf3 d6 3. d4 cxd4 4. Nxd4 Nf6 5. Nc3 a6 6. Be3 e5 7. Nf3 Qc7 8. a4 h6 9. Be2 Be6 10. O-O Nbd7 11. a5 Be7 12. Nd5 Nxd5 13. exd5 Bf5 14. c4 O-O 15. b4 Rfc8 16. Qb3 Bg6 17. Rfc1 f5 18. c5 f4 19. Bd2 Bf6 20. c6 Nf8 21. Bc3 Kh8 22. b5 axb5 23. Bxb5 bxc6 24. Bxc6 Rab8 25. Qa4 Qa7 26. Qa3 Be7 27. a6 Be4 28. Nd2 Rxc6 29. dxc6 Bxc6 30. Bb4 Qd7 31. a7 Ra8 32. Nc4 Ng6 33. Nb6 Qe8 34. Rxc6 Qxc6 35. Nxa8 Qxa8 36. Bxd6 Nh4 37. f3 Bd8 38. Bxe5 Bb6+ 39. Kh1 Be3 40. Qd6 Kh7 41. Qb8 Qd5 42. a8=Q Qd2 43. Qg8+ Kg6 44. Qae8+ 1-0


[Site "https://www.chess.com"]

[Event "Titled Tuesday Blitz July 05 Late 2022"]
[White "So, Wesley"]
[Black "Onslow, Alfie"]
[WhiteFideId "5202213"]
[BlackFideId "436976"]
[WhiteElo "2763"]
[BlackElo "1885"]
[Result "1-0"]
[Round "03"]
[TimeControl "180+1"]
[Date "2022.07.05"]
[WhiteClock "0:01:13"]
[BlackClock "0:00:19"]

1. d4 Nf6 2. c4 c5 3. d5 b5 4. cxb5 a6 5. e3 axb5 6. Bxb5 g6 7. Nc3 Qa5 8. Bd2 Ba6 9. a4 Bxb5 10. Nxb5 Qd8 11. d6 exd6 12. Bc3 Bg7 13. Nxd6+ Kf8 14. Nf3 Ra6 15. Ng5 Qe7 16. Ndxf7 Rg8 17. Qb3 Nc6 18. Nh6 Bxh6 19. Bxf6 Bxg5 20. Bxe7+ Bxe7 21. O-O Kg7 22. Rfd1 Rb8 23. Qc3+ Bf6 24. Rxd7+ Ne7 25. Rxe7+ 1-0


[Site "https://www.chess.com"]

[Event "Titled Tuesday Blitz July 05 Late 2022"]
[White "Storme, Isak"]
[Black "Premnath, R."]
[WhiteFideId "1728113"]
[BlackFideId "5021928"]
[WhiteElo "2205"]
[BlackElo "2614"]
[Result "0-1"]
[Round "03"]
[TimeControl "180+1"]
[Date "2022.07.06"]
[WhiteClock "0:00:02"]
[BlackClock "0:00:13"]

1. c4 Nf6 2. d4 e6 3. Nc3 Bb4 4. Qc2 c5 5. dxc5 Na6 6. a3 Bxc3+ 7. Qxc3 Nxc5 8. Nf3 b6 9. g3 Bb7 10. Bg2 O-O 11. O-O Rc8 12. b3 d5 13. cxd5 Nxd5 14. Qb2 h6 15. Bd2 Qe7 16. Rac1 Rfd8 17. Rfd1 a5 18. b4 axb4 19. Bxb4 Nxb4 20. Qxb4 Qc7 21. Rb1 Rxd1+ 22. Rxd1 Bd5 23. Rb1 Rb8 24. Nd4 Bxg2 25. Kxg2 Qb7+ 26. Kg1 Qd5 27. Nb5 Ne4 28. Nc3 Nxc3 29. Qxc3 Qe4 30. Rb2 Rd8 31. Rd2 Ra8 32. f3 Qa4 33. Rb2 b5 34. Qb4 Qd1+ 35. Kf2 Qh1 36. Rb1 Qxh2+ 37. Ke3 Qxg3 38. Qxb5 Rxa3+ 39. Rb3 Qg1+ 40. Kf4 Qg5+ 41. Ke4 Qg6+ 42. Ke3 Qg1+ 43. Ke4 Rxb3 44. Qxb3 Qe1 45. Ke3 Qg1+ 46. Kd2 Qg5+ 47. Qe3 Qxe3+ 48. Kxe3 g6 0-1


[Site "https://www.chess.com"]

[Event "Titled Tuesday Blitz July 05 Late 2022"]
[White "Taboas Rodriguez, Daniel"]
[Black "Bluebaum, Matthias"]
[WhiteFideId "2208466"]
[BlackFideId "24651516"]
[WhiteElo "2429"]
[BlackElo "2556"]
[Result "0-1"]
[Round "03"]
[TimeControl "180+1"]
[Date "2022.07.05"]
[WhiteClock "0:00:11"]
[BlackClock "0:00:22"]

1. d4 Nf6 2. c4 e6 3. Nf3 d5 4. Bg5 Bb4+ 5. Nc3 h6 6. Bxf6 Qxf6 7. e3 O-O 8. Rc1 Nc6 9. cxd5 exd5 10. Bb5 Ne7 11. O-O c6 12. Be2 Bd6 13. e4 dxe4 14. Nxe4 Qg6 15. Ng3 Bg4 16. Qb3 Be6 17. Bc4 Bxc4 18. Rxc4 Rab8 19. Re1 Nd5 20. Ne5 Qe6 21. Rcc1 Qc8 22. Ne4 Qc7 23. Nc3 Nxc3 24. bxc3 Rbe8 25. Nf3 Qb6 26. Qxb6 axb6 27. c4 Rxe1+ 28. Nxe1 Ra8 29. Rc2 Ra3 30. Kf1 Kf8 31. Ke2 Ke7 32. Nd3 Bc7 33. g3 g5 34. h3 f5 35. g4 Kf6 36. f3 Ra8 37. Kf2 Rd8 38. d5 Bb8 39. Nb4 Bd6 40. Nd3 Bf8 41. dxc6 bxc6 42. Ke2 Re8+ 43. Kd2 Bd6 44. Rb2 Bc7 45. a4 Ra8 46. Ra2 h5 47. Kc3 Be5+ 48. Kb4 Bd4 49. a5 bxa5+ 50. Rxa5 Bc3+ 51. Kxc3 Rxa5 52. Kd4 fxg4 53. fxg4 h4 54. Nf2 Ra3 55. Ne4+ Kg6 56. Kc5 Rxh3 57. Kxc6 Re3 58. Kd5 h3 59. c5 Rxe4 60. Kxe4 h2 0-1


[Site "https://www.chess.com"]

[Event "Titled Tuesday Blitz July 05 Late 2022"]
[White "Tari, Aryan"]
[Black "Makarian, Rudik"]
[WhiteFideId "1510045"]
[BlackFideId "44105681"]
[WhiteElo "2612"]
[BlackElo "2403"]
[Result "0-1"]
[Round "03"]
[TimeControl "180+1"]
[Date "2022.07.05"]
[WhiteClock "0:00:59"]
[BlackClock "0:01:25"]

1. Nf3 Nf6 2. c4 g6 3. Nc3 Bg7 4. e4 d6 5. d4 O-O 6. Be2 e5 7. d5 Na6 8. Nd2 Nd7 9. Rb1 f5 10. b4 Nf6 11. O-O Kh8 12. Ba3 b6 13. f3 Bh6 14. Kh1 Be3 15. Nb3 f4 16. c5 Nh5 17. Qe1 Ng3+ 18. hxg3 Qg5 19. Rf2 fxg3 20. Nd1 Qh4+ 21. Kg1 Qh2+ 22. Kf1 Qh1# 0-1


[Site "https://www.chess.com"]

[Event "Titled Tuesday Blitz July 05 Late 2022"]
[White "Tatarinov, Dmitry"]
[Black "Prestige_17355"]
[WhiteFideId "24160067"]
[WhiteElo "2302"]
[BlackElo "2413"]
[Result "1-0"]
[Round "03"]
[TimeControl "180+1"]
[Date "2022.07.06"]
[WhiteClock "0:00:13"]
[BlackClock "0:00:03"]

1. e4 e5 2. Nf3 Nc6 3. Nc3 Nf6 4. d4 exd4 5. Nxd4 Bb4 6. Nxc6 bxc6 7. Bd3 d5 8. exd5 O-O 9. O-O cxd5 10. Bg5 c6 11. Qf3 Bd6 12. Rae1 Rb8 13. Nd1 Be6 14. b3 Re8 15. Ne3 h6 16. Bxf6 Qxf6 17. Qxf6 gxf6 18. Nf5 Bxf5 19. Bxf5 Re5 20. Bd7 c5 21. g3 Rd8 22. Bc6 d4 23. Bb5 Rb8 24. a4 Kf8 25. f4 Re7 26. Kg2 Rbb7 27. Rd1 Re3 28. Kh3 Rbe7 29. Kg4 Bc7 30. Kf5 Kg7 31. Bc4 Ba5 32. Kg4 Bc3 33. Bd3 a5 34. Rf2 Re1 35. Rxe1 Rxe1 36. Kf5 Re3 37. Rg2 Be1 38. Rg1 Bc3 39. g4 Bd2 40. g5 fxg5 41. fxg5 h5 42. g6 Rf3+ 43. Ke4 Rf4+ 44. Kd5 Bb4 45. Kc4 h4 46. gxf7+ Kxf7 47. Rg5 Kf6 48. Rh5 Ba3 49. Rh6+ Kg5 50. Rg6+ Kh5 51. Ra6 Bb4 52. h3 Rf8 53. Kd5 Rd8+ 54. Ke6 Rf8 55. Ra7 Kg5 56. Rh7 Be1 57. Kd5 Bb4 58. Rg7+ Kh5 59. Be2+ Kh6 60. Rg4 Rf2 61. Rxh4+ Kg5 62. Rg4+ Kf5 63. Bd3+ Kf6 64. Rg6+ Kf7 65. Rh6 Rh2 66. Rh7+ Kf6 67. h4 Rh3 68. h5 Kg5 69. Bg6 Rh2 70. Rf7 Kh6 71. Ke6 Re2+ 72. Kd5 Rh2 73. Rh7+ Kg5 74. Ke6 Re2+ 75. Kf7 Rf2+ 76. Kg7 Bc3 77. Bd3 Rh2 78. h6 Bd2 79. Rh8 Bf4 80. Rg8 Be5+ 81. Kf7+ Kxh6 82. Rg6+ Kh5 83. Ra6 Bf4 84. Rxa5 Bd6 85. Ke6 Bf8 86. Ra8 Rf2 87. a5 Kg5 88. a6 Bg7 89. a7 Rg2 1-0


[Site "https://www.chess.com"]

[Event "Titled Tuesday Blitz July 05 Late 2022"]
[White "Timofeev, Artyom"]
[Black "Melikyan, Gnel"]
[WhiteFideId "4140419"]
[BlackFideId "54109990"]
[WhiteElo "2578"]
[BlackElo "1772"]
[Result "1-0"]
[Round "03"]
[TimeControl "180+1"]
[Date "2022.07.05"]
[WhiteClock "0:00:10"]
[BlackClock "0:00:02"]

1. e4 c5 2. Nc3 Nc6 3. Bb5 g6 4. Bxc6 dxc6 5. d3 Bg7 6. f4 Nf6 7. Nf3 Nd7 8. O-O e5 9. f5 b6 10. Bg5 f6 11. Be3 g5 12. Ne2 h5 13. a3 Qe7 14. Qd2 Ba6 15. b4 Rd8 16. Qc3 Bf8 17. Rfb1 Bb7 18. Nd2 Kf7 19. Nc4 Kg8 20. h3 Rh7 21. Ng3 Ba6 22. Nf1 Qf7 23. Ncd2 Bb7 24. Bf2 Rg7 25. Ne3 Qe7 26. Qb3+ Qf7 27. Qb2 Kh8 28. Qc1 Kg8 29. Qd1 Rh7 30. Qe2 Kh8 31. c3 Qe8 32. a4 Nb8 33. a5 b5 34. bxc5 Bxc5 35. Nc2 Bxf2+ 36. Kxf2 Rhd7 37. d4 a6 38. Nf3 exd4 39. cxd4 Re7 40. Re1 c5 41. e5 cxd4 42. Ncxd4 Nc6 43. Ne6 Rxe6 44. fxe6 Qxe6 45. exf6 Qxf6 46. Kg1 g4 47. hxg4 hxg4 48. Ne5 Nd4 49. Qxg4 Rg8 50. Qh5+ Kg7 51. Ng4 Qd8 52. Qh6+ Kf7 53. Qh7+ Rg7 54. Nh6+ Kf6 55. Rf1+ Ke6 56. Qxg7 Ne2+ 57. Kf2 Qh4+ 58. Kxe2 Qe4+ 59. Kf2 1-0


[Site "https://www.chess.com"]

[Event "Titled Tuesday Blitz July 05 Late 2022"]
[White "Vasquez Schroeder, Rodrigo"]
[Black "Skytte, Rasmus"]
[WhiteFideId "3400042"]
[BlackFideId "1404210"]
[WhiteElo "2567"]
[BlackElo "2430"]
[Result "1/2-1/2"]
[Round "03"]
[TimeControl "180+1"]
[Date "2022.07.05"]
[WhiteClock "0:00:59"]
[BlackClock "0:00:15"]

1. e4 d5 2. exd5 Qxd5 3. Nc3 Qa5 4. g3 Nf6 5. Bg2 c6 6. h3 Bf5 7. Nf3 e6 8. O-O Nbd7 9. d3 Bd6 10. Bd2 Qc7 11. Qe2 h5 12. Rfe1 O-O-O 13. Ne4 Nxe4 14. dxe4 Bg6 15. Bc3 e5 16. Nh4 Nf6 17. Red1 Bc5 18. Nxg6 fxg6 19. Qc4 Qb6 20. Bxe5 Bxf2+ 21. Kh1 Nd7 22. Bd6 h4 23. e5 hxg3 24. e6 Nf6 25. e7 Rd7 26. Qe6 Re8 27. Rd3 Qxb2 28. Rad1 Qxc2 29. R3d2 Qf5 30. Qf7 Be3 31. Rf1 Bxd2 32. Rxf5 gxf5 33. Qe6 f4 34. h4 Be3 35. Bh3 c5 36. Be5 Rxe7 37. Qf5 Kd8 38. Bxf6 gxf6 39. Qxf6 Rd1+ 40. Kg2 Rd2+ 41. Kf3 Rf2+ 42. Kg4 g2 43. Qd6+ Ke8 44. Bxg2 Rg7+ 45. Kf5 Rfxg2 46. Qb8+ Kf7 47. Qxb7+ Kg8 48. Qd5+ Kh7 49. Qe4 R2g4 50. Kf6+ R4g6+ 51. Kf5 Kh6 52. Qe8 Kh7 53. h5 Rg5+ 54. Ke4 Bd4 55. Kxf4 Re5 56. Qc6 Rf7+ 57. Kg4 Ref5 58. Qg6+ Kh8 59. Qh6+ Kg8 60. Qe6 Kg7 61. Qg6+ Kf8 62. Qd6+ Kg7 63. Qg6+ Kh8 64. Qh6+ Kg8 65. Qe6 Rf4+ 66. Kg5 Rf5+ 67. Kg4 1/2-1/2


[Site "https://www.chess.com"]

[Event "Titled Tuesday Blitz July 05 Late 2022"]
[White "Vlassov, Nikolai"]
[Black "Veiga, Jose Francisco R P Neves"]
[WhiteFideId "4103360"]
[BlackFideId "1930087"]
[WhiteElo "2324"]
[BlackElo "2288"]
[Result "0-1"]
[Round "03"]
[TimeControl "180+1"]
[Date "2022.07.06"]
[WhiteClock "0:00:02"]
[BlackClock "0:00:10"]

1. e4 c6 2. d4 g6 3. Nc3 Bg7 4. Bf4 d5 5. e5 f6 6. Qd2 Nd7 7. Nf3 Nf8 8. O-O-O Bg4 9. Be2 Ne6 10. Kb1 Nxf4 11. Qxf4 Nh6 12. exf6 exf6 13. h3 Bxf3 14. Bxf3 O-O 15. h4 f5 16. Ne2 Qd7 17. Nc1 Rae8 18. Nd3 Nf7 19. Rhe1 Qd6 20. c3 Bh6 21. Qxd6 Nxd6 22. Nc5 Kf7 23. Kc2 b6 24. Nd7 Rxe1 25. Rxe1 Rc8 26. g4 Bg7 27. gxf5 Nxf5 28. Bg4 Rd8 29. Bxf5 gxf5 30. Ne5+ Bxe5 31. Rxe5 Kf6 32. Kd3 Rg8 33. Ke3 Rg4 34. h5 Rh4 35. Re8 Rxh5 36. Rc8 Rh3+ 37. Ke2 Kg5 38. Rxc6 h5 39. Rd6 h4 40. Rxd5 Rh1 41. Rd8 h3 42. Kf3 Rb1 43. b4 Rc1 44. Rg8+ Kf6 45. Rh8 Rxc3+ 46. Kf4 Ke6 47. a4 Rc4 48. Rh6+ Kd5 49. Kxf5 Rc3 0-1


[Site "https://www.chess.com"]